 Dungeon Crawl Stone Soup version 0.32-a0-705-g60f2335 (webtiles) character file.

Game seed: 13251669966116338766

46 Toastz the Vexing (level 3, -2/27 HPs)
             Began as a Draconian Enchanter on Mar 14, 2024.
             Slain by Terence
             ... wielding a +0 flail
              (7 damage)
             ... on level 2 of the Dungeon.
             The game lasted 00:03:43 (1269 turns).

Toastz the Vexing (Draconian Enchanter)             Turns: 1269, Time: 00:03:43

Health: -2/27      AC:  6    Str: 10    XL:     3   Next: 44%
Magic:  1/6        EV: 11    Int: 17    God:
Gold:   68         SH:  0    Dex: 11    Spells: 1/6 levels left

rFire   . . .        b - +0 dagger (elec)
rCold   . . .        (no shield)
rNeg    . . .        (body armour unavailable)
rPois   .            (helmet restricted)
rElec   .            (no cloak)
rCorr   .            e - +0 pair of gloves
SInv    .            (no boots)
Will    .....        (no amulet)
Stlth   ++           (no ring)
HPRegen 0.24/turn    (no ring)
MPRegen 0.10/turn

%: no passive effects
@: invisible
A: AC +5, unfitting armour, cold-blooded
a: no special abilities


You were on level 2 of the Dungeon.
You visited 1 branch of the dungeon, and saw 2 of its levels.

You collected 68 gold pieces.

Inventory:

Hand Weapons
 a - a +1 dagger
 b - a +0 dagger of electrocution (weapon)
Missiles
 g - 4 javelins (quivered)
Armour
 e - a +0 pair of gloves (worn)
Scrolls
 d - a scroll of fog {unknown}
 f - a scroll of teleportation {unknown}
Potions
 c - a potion of invisibility
 h - a potion of heal wounds {unknown}


   Skills:
 + Level 0.9 Fighting
 + Level 1.6 Short Blades
 - Level 1.9 Dodging
 + Level 3.0 Stealth
 - Level 2.0 Spellcasting
 * Level 3.2 Hexes
 + Level 0.9 Ice Magic


You had one spell level left.
You knew the following spells:

 Your Spells              Type           Power      Damage    Failure   Level
a - Ensorcelled Hibernat  Hex/Ice        16%        N/A       12%         2
b - Confusing Touch       Hex            12%        N/A       16%         3

Your spell library contained the following spells:

 Spells                   Type           Power      Damage    Failure   Level
 Tukima's Dance           Hex            12%        N/A       16%         3
 Dazzling Flash           Conj/Hex       14%        N/A       30%         3
 Starburst                Conj/Fire      0%         6d3       100%        6
 Maxwell's Capacitive Co  Air            0%         ∞         100%        8


Dungeon Overview and Level Annotations

Branches:
Dungeon (2/15)

Altars:

Annotations:
D:2 Terence


Innate Abilities, Weirdness & Mutations

Your plain brown scales are hard. (AC +5)
You cannot fit into any form of body armour.
You are cold-blooded and may be slowed by cold attacks.


Message History

Press: ? - help, Shift-Dir - straight line, f - Terence
Aim: Terence, wielding a +0 flail and wearing a +0 scale mail (chance to affect: 50%)
Okay, then.
Casting: Ensorcelled Hibernation (safe; 12% risk of failure)
Confirm with . or Enter, or press ? or * to list all spells.
Aiming: Ensorcelled Hibernation (safe; 12% risk of failure)
Press: ? - help, Shift-Dir - straight line, f - Terence
Aim: Terence, wielding a +0 flail and wearing a +0 scale mail (chance to affect: 50%)
You miscast Ensorcelled Hibernation.
You are very lightly contaminated with residual magic.
Nothing appears to happen.
Casting: Ensorcelled Hibernation (safe; 12% risk of failure)
Confirm with . or Enter, or press ? or * to list all spells.
Aiming: Ensorcelled Hibernation (safe; 12% risk of failure)
Press: ? - help, Shift-Dir - straight line, f/p - Terence
Aim: Terence, wielding a +0 flail and wearing a +0 scale mail (chance to affect: 50%) Terence resists with some effort.
Casting: Ensorcelled Hibernation (safe; 12% risk of failure)
Confirm with . or Enter, or press ? or * to list all spells.
Aiming: Ensorcelled Hibernation (safe; 12% risk of failure)
Press: ? - help, Shift-Dir - straight line, f/p - Terence
Aim: Terence, wielding a +0 flail and wearing a +0 scale mail (chance to affect: 50%) Terence resists with some effort.
Terence hits you with a +0 flail! Terence attacks as he pursues you!
Terence hits you with a +0 flail.
Terence says, "Don't bother to defend, it's senseless."
Terence barely misses you.
You closely miss Terence. Terence hits you but does no damage.
You closely miss Terence.
Your tail-slap misses Terence.
Terence hits you with a +0 flail.
You closely miss Terence. Terence hits you with a +0 flail.
* * * LOW HITPOINT WARNING * * *
Your magical contamination has completely faded away.
You fade into invisibility!
Terence hits you with a +0 flail.
* * * LOW HITPOINT WARNING * * *
You barely miss Terence. Terence looks scornfully at you.
Terence hits you with a +0 flail!
You die...
Terence says, "Rest in peace."

#.###.# #[....# #).##.#
#.....# ...##.# #.....#
......# #.....# ..#####
#.# ..# #.# #.#######
#.# ....)...#
######@######
.####>..###.....@.....#
..# #.###...###...#####
#.###.....#####..##
......#..........#
#...#.#......###.#
......#......###.#
###..........##..##
#.......)..#....#
#.##.###.###....#


You could see Terence (unable to see you).

Vanquished Creatures
  2 dart slugs
  2 ribbon worms (D:2)
  6 ball pythons
  4 bats
  2 endoplasms (D:1)
  A giant cockroach (D:2)
  3 hobgoblins
  6 kobolds
  2 frilled lizards (D:2)
  5 goblins
  6 rats
39 creatures vanquished.

Notes
Turn   | Place    | Note
-------+----------+-------------------------------------------
     0 | D:1      | Toastz the Draconian Enchanter began the quest for the Orb.
     0 | D:1      | Reached XP level 1. HP: 14/14 MP: 3/3
   183 | D:1      | Reached XP level 2. HP: 19/20 MP: 5/5
   201 | D:1      | Learned a level 2 spell: Ensorcelled Hibernation
   212 | D:1      | Found a faded altar of an unknown god.
   783 | D:2      | Reached XP level 3. HP: 21/27 MP: 4/6
   828 | D:2      | Learned a level 3 spell: Confusing Touch
  1247 | D:2      | Noticed Terence
  1269 | D:2      | Slain by Terence

Illustrated notes

Levels and vault maps discovered:
D:1:      evilmike_arrival_fibonacci_small, layout_basic, basic_ecumenical_altar
D:2:      layout_rooms, minmay_misc_feat_diagonals, uniq_terence

Skill      XL: |  1  2  3 |
---------------+----------+-----
Hexes          | 3 |  3.2
Stealth        | 3 |  3.0
Fighting       | |  0.9
Short Blades   | |  1.6
Dodging        | |  1.9
Spellcasting   | |  2.0
Ice Magic      | |  0.9

Action                     || total
---------------------------++-------
  Melee: Dagger            ||   115
         Tailslap          ||    21
   Cast: Ensorcelled Hiber ||     9
    Use: Potion            ||     1
   Stab: Sleeping          ||     6
 Armour: Skin              ||    93
  Dodge: Dodged            ||    71

Table legend: (Time is in decaauts)
 A = Elapsed time spent in this place.
 B = Non-inter-level travel time spent in this place.
 C = Inter-level travel time spent in this place.
 D = Time resting spent in this place.
 E = Time spent auto-exploring this place.
 F = Levels seen in this place.
 G = Mean time per level.
                   A        B        C        D        E       F      G
               +--------+--------+--------+--------+--------+-----+--------+
         Total |   1262 |   1235 |     27 |     51 |    802 |   2 |  631.0 |
       Dungeon |   1262 |   1235 |     27 |     51 |    802 |   2 |  631.0 |
               +--------+--------+--------+--------+--------+-----+--------+

Top non-repeatable levels by time:
     D:1: 757 daAuts
     D:2: 504 daAuts
